 Dungeon Crawl Stone Soup version 0.31-a0-1-g4198be8 (webtiles) character file.

Game seed: 13019370055680353767

2944 Nithhogg the Cleaver (level 9, -3/81 HPs)
             Began as a Hill Orc Fighter on Mar 24, 2023.
             Was an Initiate of the Shining One.
             Slain by Joseph
             ... wielding a +1 spectral quarterstaff
              (9 damage)
             ... on level 8 of the Dungeon on Apr 30, 2023.
             The game lasted 00:24:10 (6907 turns).

Nithhogg the Cleaver (Hill Orc Fighter)             Turns: 6907, Time: 00:24:11

Health: -3/81      AC: 11    Str: 29    XL:     9   Next: 80%
Magic:  14/14      EV: 10    Int:  8    God:    the Shining One [......]
Gold:   320        SH:  0    Dex: 10    Spells: 8/8 levels left

rFire   . . .        a - +2 mace
rCold   . . .        (no shield)
rNeg    . . .        q - +0 scale mail "Gusin" {rElec Slay+5}
rPois   .            (no helmet)
rElec   +            (no cloak)
rCorr   .            (no gloves)
SInv    +            j - +2 pair of boots
Will    .....        (no amulet) Stlth
                     l - +6 ring of strength
HPRegen 0.33/turn    n - ring of see invisible
MPRegen 0.14/turn

%: no passive effects
@: about to teleport, marked, glowing
A: no striking features
a: Renounce Religion


You were on level 8 of the Dungeon.
You worshipped the Shining One.
The Shining One was noncommittal.
You visited 2 branches of the dungeon, and saw 9 of its levels.
You also visited: Sewer.

You collected 352 gold pieces.
You donated 32 gold pieces to Zin.

Inventory:

Hand Weapons
 a - a +2 mace (weapon)
Missiles
 g - 3 throwing nets (quivered)
Armour
 b - a +0 scale mail
 c - a +0 buckler
 j - a +2 pair of boots (worn)
 q - the +0 scale mail "Gusin" (worn) {rElec Slay+5}
   (You found it on level 5 of the Dungeon)

   Slay:      It affects your accuracy & damage with ranged weapons and melee
   (+5).
   rElec:     It insulates you from electricity.
Jewellery
 l - a +6 ring of strength (left hand)
 n - a ring of see invisible (right hand)
 z - a ring of positive energy
 B - an amulet of magic regeneration
Wands
 x - a wand of iceblast (14)
 y - a wand of paralysis (13)
Scrolls
 s - a scroll of poison
 t - 2 scrolls of vulnerability
 v - 3 scrolls of identify
 A - a scroll of noise {unknown}
Potions
 d - 3 potions of curing
 e - 2 potions of might
 f - a potion of lignification {unknown}
 h - a potion of cancellation {unknown}
 i - 4 potions of heal wounds {unknown}
 m - 2 potions of magic {unknown}
 o - a potion of attraction {unknown}
 p - a potion of berserk rage {unknown}
 u - a potion of ambrosia {unknown}
 w - 2 potions of mutation {unknown}


   Skills:
 + Level 8.0 Fighting
 * Level 11.2 Axes
 + Level 7.2 Armour
 - Level 3.2 Shields
 + Level 7.6 Invocations


You had 8 spell levels left.
You didn't know any spells.
Your spell library contained the following spells:

 Spells                   Type           Power      Damage    Failure   Level
 Summon Ice Beast         Ice/Summ       0%         N/A       100%        4
 Summon Mana Viper        Hex/Summ       0%         N/A       100%        5
 Monstrous Menagerie      Summ           0%         N/A       100%        7


Dungeon Overview and Level Annotations

Branches:
Dungeon (8/15)             Temple (1/1) D:7           Sewer (visited)
   Lair: D:8-11

Altars:
Ashenzari
Cheibriados
Dithmenos
Elyvilon
Gozag
Hepliaklqana
Kikubaaqudgha
Makhleb
Ru
Sif Muna
Trog
Uskayaw
Vehumet
Xom
Zin
The Shining One

Shops:
D:3 (*(

Annotations:
D:8 Joseph


Message History

The two-headed ogre is almost dead.
You hit the two-headed ogre.
The two-headed ogre is almost dead.
An acid dragon comes into view.
The two-headed ogre hits you with a +0 giant spiked club!
The two-headed ogre closely misses you.
You hit the two-headed ogre.
You kill the two-headed ogre!
Your Fighting skill increases to level 8!
Your Axes skill increases to level 11!
Your Armour skill increases to level 7!
Found a stone staircase leading up.
The acid dragon closely misses you.
The acid dragon claws you but does no damage.
Things that are here:
a +0 giant spiked club; a +0 giant club; a scroll of torment You hit the acid dragon.
The acid dragon is lightly wounded.
The acid dragon bites you but does no damage.
The acid dragon barely misses you. The acid dragon spits acid at you.
The splash of acid hits you!!
* * * LOW HITPOINT WARNING * * *
Press: ? - help, v - describe, . - travel
Here: an acid dragon (lightly wounded, catching its breath, haloed)
The floor, spattered with blood.
As you read the scroll of fear, it crumbles to dust.
You assume a fearsome visage.
The acid dragon looks frightened!
Joseph, a Mercenary comes into view.
He is wielding a +1 spectral quarterstaff.
As you read the scroll of teleportation, it crumbles to dust.
You feel strangely unstable.
Joseph hits you with a +1 spectral quarterstaff.
* * * LOW HITPOINT WARNING * * *
The +1 spectral quarterstaff hits you.
* * * LOW HITPOINT WARNING * * *
A +1 spectral quarterstaff comes into view.
Press: ? - help, v - describe, . - travel
Here: a +1 spectral quarterstaff (durably summoned, haloed)
The floor.
Joseph attacks as you move away!
Joseph hits you with a +1 spectral quarterstaff!
You die...

#<# #.###.#.#
....#
##..###.# #.#
##.....#
##.##
##..##### #
##.###.#.#
#.##...#.##.#
#.D....)....#
####...######
##@(# ##@#
.... #.##.#
#.# # #.# #.#
.#


You could see Joseph, an acid dragon (fleeing) and a +1 spectral quarterstaff.

Vanquished Creatures
  A two-headed ogre (D:8)
  2 water moccasins
  3 ice beasts
  4 black bears
  A phantom (D:5)
  4 kobold brigands
  A scorpion (D:5)
  A bullfrog (D:7)
  4 wights (D:6)
  5 hounds
  A jelly (D:4)
  3 orc priests
  A gnoll bouda (D:6)
  Jessica (D:2)
  6 iguanas
  An orc wizard (D:8)
  4 gnolls (D:6)
  17 adders
  2 river rats (Sewer)
  3 ufetubi
  A worm (Sewer)
  A dart slug (D:1)
  11 orcs
  11 bats
  8 endoplasms
  5 giant cockroaches
  3 goblins
  7 hobgoblins
  6 quokkas
  14 ball pythons
  2 frilled lizards (D:2)
  15 kobolds
  7 rats
156 creatures vanquished.

Notes
Turn   | Place    | Note
-------+----------+-------------------------------------------
     0 | D:1      | Nithhogg the Hill Orc Fighter began the quest for the Orb.
     0 | D:1      | Reached XP level 1. HP: 19/19 MP: 1/1
    76 | D:1      | Reached skill level 3 in Axes
   288 | D:1      | Reached XP level 2. HP: 23/27 MP: 2/2
   563 | D:1      | Reached skill level 1 in Invocations
   775 | D:2      | Found a faded altar of an unknown god.
   809 | D:2      | Reached XP level 3. HP: 33/33 MP: 3/3
   873 | D:2      | Upgraded the game from 0.30-a0-916-g9813417 to
                  | 0.31-a0-1-g4198be8
  1137 | D:2      | Noticed Jessica
  1141 | D:2      | Killed Jessica
  1142 | D:2      | Reached skill level 4 in Axes
  1142 | D:2      | Reached XP level 4. HP: 38/40 MP: 5/5
  1518 | D:3      | Found Reploxin's Weapon Emporium.
  1592 | D:3      | Found Wugg's General Store.
  1631 | D:3      | Found Roin's Weapon Shoppe.
  2060 | D:4      | Found an ancient bone altar of Kikubaaqudgha.
  2093 | D:3      | Reached XP level 5. HP: 24/47 MP: 6/6
  2196 | D:4      | Reached skill level 5 in Axes
  2366 | D:4      | Reached XP level 6. HP: 41/53 MP: 8/8
  2488 | D:4      | Found a glowing drain.
  2499 | Sewer    | Entered a sewer
  2668 | Sewer    | Reached skill level 5 in Fighting
  2668 | Sewer    | Reached skill level 6 in Axes
  3194 | Sewer    | Reached XP level 7. HP: 59/61 MP: 8/10
  3724 | D:4      | Reached skill level 7 in Axes
  3728 | D:4      | Reached skill level 5 in Armour
  3759 | D:4      | Found a shadowy altar of Dithmenos.
  3931 | D:5      | Entered Level 5 of the Dungeon
  4151 | D:5      | Reached skill level 5 in Invocations
  4151 | D:5      | Reached XP level 8. HP: 45/70 MP: 11/11
  4248 | D:5      | Reached skill level 8 in Axes
  4249 | D:5      | Identified the +0 scale mail "Gusin" {rElec Slay+5}
  4323 | D:5      | Found a burning altar of Makhleb.
  5090 | D:6      | Reached skill level 9 in Axes
  5118 | D:6      | Reached XP level 9. HP: 65/79 MP: 13/13
  5291 | D:6      | Reached skill level 10 in Axes
  5722 | D:7      | Found a staircase to the Ecumenical Temple.
  5742 | D:7      | Found a white marble altar of Elyvilon.
  5752 | Temple   | Entered the Ecumenical Temple
  5806 | Temple   | Became a worshipper of Zin the Law-Giver
  5806 | Temple   | Reached * piety under Zin
  5906 | D:7      | Found a glowing golden altar of the Shining One.
  5980 | D:7      | Fell from the grace of Zin
  5980 | D:7      | Became a worshipper of the Shining One
  6890 | D:8      | Noticed a two-headed ogre
  6900 | D:8      | Killed a two-headed ogre
  6901 | D:8      | Reached skill level 11 in Axes
  6904 | D:8      | Noticed Joseph
  6907 | D:8      | Slain by Joseph

Illustrated notes

Levels and vault maps discovered:
D:1:      dpeg_arrival_round_a, layout_basic, serial_rivers,
          chequers_serial_rivers_small_b, chequers_serial_rivers_small_b,
          chequers_serial_rivers_large_b, chequers_serial_rivers_micro_e
D:2:      layout_basic, nicolae_ecumenical_pavilion, uniq_jessica
D:3:      layout_basic, serial_shops, shop, nicolae_shop_tiny_real_fake_doors,
          nicolae_shop_bloodbath_and_beyond
D:4:      layout_loops_ring, mainiacjoe_overflow_boulevard,
          nicolae_dithmenos_the_darkroom, gup_sewer_entry_bubbles, st_stairs_11,
          minmay_surrounded
D:5:      layout_rooms, marbit_many_paths, serial_bayou_ford_a,
          nicolae_half_adder
D:6:      layout_loops_corners, minmay_quadrilaterals
D:7:      layout_loops_ring, kennysheep_little_box, tso_oasis_becter,
          minmay_temple_entry_glass, serial_bayou_pond_d,
          chequers_serial_rivers_room_a, corexii_leaking_fountain
D:8:      layout_loops_ring, okawaru_altar_gauntlet_db, minmay_manual_mullet,
          uniq_joseph
Temple:   nicolae_temple_ecumenical_triangle

Skill      XL: |  1  2  3  4  5  6  7  8  9 |
---------------+----------------------------+-----
Axes           | 3 4 5 6 7 9 11 | 11.2
Invocations    | 1 2 3 4 5 6 7 |  7.6
Fighting       | 4 5 6 7 8 |  8.0
Armour         | 4 5 6 7 |  7.2
Shields        | |  3.2

Action                     |  1- 3 |  4- 6 |  7- 9 || total
---------------------------+-------+-------+-------++-------
  Melee: War axe           |    90 |   242 |   192 ||   524
         Punch             |       |     4 |     1 ||     5
         Mace              |       |       |    36 ||    36
         Unarmed           |       |       |    17 ||    17
    Use: Scroll            |       |     9 |     5 ||    14
         Potion            |       |     5 |       ||     5
 Armour: Scale mail        |    59 |   147 |   180 ||   386
  Dodge: Dodged            |    57 |   186 |   176 ||   419

Table legend: (Time is in decaauts)
 A = Elapsed time spent in this place.
 B = Non-inter-level travel time spent in this place.
 C = Inter-level travel time spent in this place.
 D = Time resting spent in this place.
 E = Time spent auto-exploring this place.
 F = Levels seen in this place.
 G = Mean time per level.
                   A        B        C        D        E       F      G
               +--------+--------+--------+--------+--------+-----+--------+
         Total |   7173 |   6961 |    212 |    348 |   5143 |  10 |  717.3 |
       Dungeon |   6138 |   5926 |    212 |    228 |   4608 |   8 |  767.2 |
        Temple |     67 |     67 |      0 |      0 |     30 |   1 |   67.0 |
         Sewer |    966 |    966 |      0 |    120 |    505 |   1 |  966.0 |
               +--------+--------+--------+--------+--------+-----+--------+

Top non-repeatable levels by time:
     D:6: 1116 daAuts
   Sewer: 966 daAuts
     D:3: 880 daAuts
     D:5: 859 daAuts
     D:4: 839 daAuts
     D:1: 819 daAuts
     D:7: 813 daAuts
     D:2: 671 daAuts
     D:8: 138 daAuts
  Temple: 67 daAuts
